 Dungeon Crawl Stone Soup version 0.21-a0-437-ge5bf024 (webtiles) character file.

665 sagitran the Charlatan (level 7, -1/35 HPs)
             Began as a Spriggan Artificer on Nov 3, 2017.
             Killed by divine providence
             ... invoked by an orc priest
              (16 damage)
             ... on level 4 of the Dungeon on Nov 9, 2017.
             The game lasted 00:30:05 (6083 turns).

sagitran the Charlatan (Spriggan Artificer)         Turns: 6083, Time: 00:30:06

Health: -1/35      AC:  2    Str:  8    XL:     7   Next: 31%
Magic:  13/13      EV: 21    Int: 12    God:
Gold:   186        SH:  0    Dex: 19    Spells: 4/6 levels left

rFire    . . .     SeeInvis +   n - +2 dagger (holy)
rCold    + . .     Gourm    .   (shield restricted)
rNeg     . . .     Faith    .   u - +0 animal skin
rPois    +         Spirit   .   (helmet restricted)
rElec    .         Reflect  .   (no cloak)
rCorr    .         Harm     .   (gloves unavailable)
MR       +....                  (boots unavailable)
Stlth    +++.......             (no amulet)
HPRegen  0.11/turn              v - ring of poison resistance
MPRegen  0.13/turn              i - ring of protection from cold

@: very quick
A: unfitting armour, see invisible, herbivore 3, speed 3, slow metabolism 2
a: no special abilities


You were on level 4 of the Dungeon.
You were not hungry.

You visited 1 branch of the dungeon, and saw 4 of its levels.

You collected 186 gold pieces.

Inventory:

Hand Weapons
 a - a +1 short sword
 n - a +2 dagger of holy wrath (weapon)
Armour
 b - a +0 robe
 u - a +0 animal skin (worn)
Jewellery
 i - a ring of protection from cold (right hand)
 k - an uncursed ring of resist corrosion
 v - a ring of poison resistance (left hand)
 y - an uncursed ring of protection from fire {unknown}
Wands
 c - a wand of flame (0/48)
 d - a wand of enslavement (12/24)
 e - a wand of random effects (0/48)
Scrolls
 m - 2 scrolls of enchant weapon
 o - 2 scrolls of remove curse
 q - a scroll of immolation
Potions
 h - a potion of degeneration {unknown}
 p - a potion of lignification {unknown}
 r - a potion of agility {unknown}
 s - a potion of might {unknown}
 t - a potion of haste {unknown}
 w - a potion of brilliance
 z - a potion of mutation {unknown}
Books
 g - a book of Maledictions

   Spells                             Type                      Level
   a - Corona                         Hexes                        1
   b - Ensorcelled Hibernation        Hexes/Ice                    2
   c - Confuse                        Hexes                        3
   d - Tukima's Dance                 Hexes                        3
   e - Dazzling Spray                 Conjuration/Hexes            3
Comestibles
 f - 3 bread rations
 x - 2 fruits


   Skills:
 + Level 2.0 Fighting
 + Level 4.6 Short Blades
 + Level 5.1 Dodging
 + Level 5.4 Stealth
 + Level 0.1 Spellcasting
 + Level 7.0 Evocations


You had 4 spell levels left.
You knew the following spells:

 Your Spells              Type           Power        Failure   Level  Hunger
a - Ensorcelled Hibernat  Hex/Ice        #.....       43%         2    ###....


Dungeon Overview and Level Annotations

Branches:
Dungeon (4/15)
 Temple: D:4-7

Altars:
Cheibriados
Uskayaw
The Shining One


Innate Abilities, Weirdness & Mutations

You are very small and have problems with some larger weapons.
You are too small for most types of armour.
You have supernaturally acute eyesight. (SInv)
You are a herbivore.
You cover ground extremely quickly.
You need consume almost no food.


Message History

The orc priest invokes the aid of Beogh against you.
You resist with significant effort.
You barely miss the orc priest.
The orc priest is heavily wounded.
You barely miss the orc priest.
The orc priest is heavily wounded.
The orc priest completely misses you.
You hit the orc priest.
The orc priest is heavily wounded.
The orc priest mumbles some strange prayers to Beogh against you.
Beogh smites you!
You hit the orc priest.
The orc priest is severely wounded.
The orc priest invokes the aid of Beogh against you.
Beogh smites you!
* * * LOW HITPOINT WARNING * * *
You feel better.
The orc priest mumbles some strange prayers to Beogh against you.
Beogh smites you!
You die...

#.#####.# #.# #..#####.# #.###
#.# #.#####..#####.# ....#
#.###### #.##........##.#. #.#.#
#......# #.##.##..##.##... ..#.#
#..###.# #.##.##..##..O...
#.#.###..###.# #.##.##..........
#..........#.# #........#######.
########.....# ##o###.#### .
###.#####@## ##.## . # #.# #.##
##.# #+ ## ##.## #.# #.# ##.. .##
##...# #.## ##.# ##... ..##
##....####.## ##.## ##....
...####.......##..###...####.....
...'.......................'.....
...##.#.......##.##.....####.....
..###........###.##....## ##....


You could see an orc priest.

Vanquished Creatures
  Grinder (D:3)
  A jelly (D:2)
  Crazy Yiuf (D:3)
  A hound (D:4)
  2 orc priests
  2 orc wizards
  Jessica (D:3)
  An iguana (D:4)
  Robin (D:3)
  A gnoll (D:1)
  5 adders
  2 oozes (D:3)
  An adder skeleton (D:4)
  3 worms
  6 dart slugs
  4 leopard geckos
  13 orcs
  7 bats
  5 giant cockroaches
  18 goblins
  5 hobgoblins
  13 jackals
  4 kobolds
  6 quokkas
  3 ball pythons
  2 frilled lizards
  8 rats
117 creatures vanquished.

Vanquished Creatures (others)
  Terence (D:2)
  An orc (D:4)
  A goblin (D:2)
3 creatures vanquished.

Grand Total: 120 creatures vanquished

Notes
Turn   | Place    | Note
-------+----------+-------------------------------------------
     0 | D:1      | sagitran the Spriggan Artificer began the quest for the Orb.
     0 | D:1      | Reached XP level 1. HP: 9/9 MP: 4/4
   222 | D:1      | Reached XP level 2. HP: 14/14 MP: 6/6
   641 | D:1      | Reached skill level 1 in Fighting
   641 | D:1      | Reached skill level 5 in Evocations
   641 | D:1      | Reached XP level 3. HP: 18/18 MP: 7/7
   923 | D:2      | Found a snail-covered altar of Cheibriados.
   923 | D:2      | Found a glowing golden altar of the Shining One.
  1332 | D:2      | Reached XP level 4. HP: 12/22 MP: 8/8
  1409 | D:2      | HP: 1/22 [worm (7)]
  1886 | D:2      | Killed Terence
  2135 | D:2      | Found a hide-covered altar of Uskayaw.
  2509 | D:3      | Reached XP level 5. HP: 15/25 MP: 10/10
  2668 | D:3      | Noticed Grinder
  2717 | D:3      | Killed Grinder
  2717 | D:3      | Reached skill level 6 in Evocations
  2717 | D:3      | Reached XP level 6. HP: 20/30 MP: 11/11
  2931 | D:3      | Noticed Robin
  3404 | D:3      | Killed Robin
  3743 | D:3      | Noticed Jessica
  3749 | D:3      | Killed Jessica
  4157 | D:3      | Reached skill level 5 in Stealth
  4481 | D:3      | Found a runed door.
  4485 | D:3      | Upgraded the game from 0.21-a0-417-g0adc95b to 0.21-a0-437-ge5bf024
  4485 | D:3      | Noticed Crazy Yiuf
  4500 | D:3      | Killed Crazy Yiuf
  4500 | D:3      | Reached XP level 7. HP: 8/34 MP: 13/13
  5456 | D:4      | Reached skill level 5 in Dodging
  5561 | D:4      | Learned a level 2 spell: Ensorcelled Hibernation
  6066 | D:4      | Reached skill level 7 in Evocations
  6083 | D:4      | Killed from afar by an orc priest

Vault maps used:
D:1:      elethiomel_arrival_infinity_welcomes_careful_drivers
D:2:      gammafunk_temple_overflow_pools, lemuel_doored_altar, first_bread,
          lemuel_old_faithful, uniq_terence
D:3:      uniq_robin, uniq_jessica, uniq_crazy_yiuf_cottage, uniq_grinder

Skill      XL: |  1  2  3  4  5  6  7 |
---------------+----------------------+-----
Fighting       | 1 2 |  2.0
Stealth        | 2 3 4 5 |  5.4
Evocations     | 5 6 7 |  7.0
Short Blades   | 2 3 4 |  4.6
Dodging        | 4 5 |  5.1
Spellcasting   | |  0.1

Action                   |  1- 3 |  4- 6 |  7- 9 || total
-------------------------+-------+-------+-------++-------
Melee: Short sword       |   103 |    79 |       ||   182
       Dagger            |       |   130 |    95 ||   225
 Cast: Ensorcelled Hiber |       |       |     1 ||     1
Evoke: Wand              |    11 |    54 |     1 ||    66
  Use: Scroll            |     3 |     2 |     4 ||     9
       Potion            |       |       |     7 ||     7
 Stab: Sleeping          |     6 |     4 |     4 ||    14
       Paralysed         |       |     3 |       ||     3
       Distracted        |       |     1 |     1 ||     2
  Eat: Bread ration      |       |     1 |       ||     1
Armor: Robe              |    10 |     4 |       ||    14
       Animal skin       |       |    10 |     5 ||    15
Dodge: Dodged            |    80 |   136 |    59 ||   275

Table legend:
 A = Spawn XP
 B = Non-spawn XP
 C = Spawn XP percentage of total XP
 D = Spawn monster count
 E = Non-spawn monster count
 F = Spawn count percentage of total count
 G = Total turns spent on level
                    A         B        C        D         E        F      G
               +---------+---------+-------+---------+---------+-------+---------
         Total |       0 |     950 |   0.0 |       0 |     117 |   0.0 |  6083
               +---------+---------+-------+---------+---------+-------+---------
           D:1 |       0 |      52 |   0.0 |       0 |      21 |   0.0 |   898
           D:2 |       0 |     135 |   0.0 |       0 |      31 |   0.0 |  1602
           D:3 |       0 |     562 |   0.0 |       0 |      51 |   0.0 |  2268
           D:4 |       0 |     201 |   0.0 |       0 |      14 |   0.0 |  1315
               +---------+---------+-------+---------+---------+-------+---------
